 Dungeon Crawl Stone Soup version 0.32-a0-120-gfac0567ad4 (webtiles) character file.

Game seed: 3221030490328956972

46 jasper the Shooter (level 3, -3/26 HPs)
             Began as a Barachi Hexslinger on Feb 6, 2024.
             Was a Follower of Trog.
             Succumbed to an adder's poison
             ... on level 2 of the Dungeon.
             The game lasted 00:02:35 (1385 turns).

jasper the Shooter (Barachi Hexslinger)             Turns: 1385, Time: 00:02:35

Health: -3/26      AC:  5    Str:  9    XL:     3   Next: 66%
Magic:  4/4        EV:  7    Int: 13    God:    Trog [*.....]
Gold:   32         SH:  0    Dex: 16    Spells: 4/4 levels left

rFire   + . .        a - +1 sling
rCold   . . .        (no shield)
rNeg    . . .        h - +0 ring mail {rF+}
rPois   .            (no helmet)
rElec   .            (no cloak)
rCorr   .            (no gloves)
SInv    .            (no boots)
Will    .....        (no amulet)
Stlth   +            (no ring)
HPRegen 0.24/turn    (no ring)
MPRegen 0.09/turn

%: no passive effects
@: lethally poisoned (-3 -> -10), unable to hop, on berserk cooldown, slowed,
constricted, very slow
A: amphibious, slowness 1, strong legs 1, +LOS
a: Hop, Renounce Religion, Berserk


You were on level 2 of the Dungeon.
You worshipped Trog.
Trog was aware of your devotion.
You visited 1 branch of the dungeon, and saw 2 of its levels.

You collected 32 gold pieces.

Inventory:

Hand Weapons
 a - a +1 sling (weapon)
 l - a +0 dagger
Armour
 c - a +0 robe
 h - a +0 ring mail of fire resistance (worn)
Scrolls
 b - a scroll of poison
 d - a scroll of noise {unknown}
 f - 2 scrolls of teleportation {unknown}
 g - a scroll of identify {unknown}
 i - a scroll of enchant weapon {unknown}
 j - a scroll of silence {unknown}
 m - a scroll of blinking {unknown}
Potions
 k - a potion of lignification {unknown}
 n - 2 potions of brilliance {unknown}


   Skills:
 - Level 1.2 Fighting
 + Level 3.9 Ranged Weapons
 - Level 2.1 Dodging
 - Level 1.1 Spellcasting
 - Level 3.2 Hexes
 - Level 1.1 Fire Magic


You had 4 spell levels left.
You didn't know any spells.
Your spell library contained the following spells:

 Spells                   Type           Power      Damage    Failure   Level
 Jinxbite                 Hex            18%        N/A       30%         2
 Sigil of Binding         Hex            9%         N/A       52%         3
 Inner Flame              Hex/Fire       6%         N/A       67%         3
 Cause Fear               Hex            4%         N/A       90%         4
 Dimensional Bullseye     Hex/Tloc       2%         N/A       98%         4


Dungeon Overview and Level Annotations

Branches:
Dungeon (2/15)

Altars:
Trog


Innate Abilities, Weirdness & Mutations

You are amphibious.
You cover ground slowly.
You can hop short distances.
You have an extended range of vision and can be seen from far away.


Message History

You regained 8 hp, and now have 16/26 hp.
Fire: a) +1 sling
Press: ? - help, Q - select action, (/) - cycle Shift-Dir - straight line, f/p - adder
Aim: an adder (lightly wounded, 40% to hit)
You shoot a sling bullet. The sling bullet hits the adder!
The adder is almost dead.
You feel very sick. The adder bites you.
You are more poisoned.
The adder poisons you!
The ball python bites you but does no damage.
The ball python constricts you. The adder barely misses you.
The ball python bites you but does no damage.
The ball python constricts you. The adder bites you.
You take 8 damage, and have 8/26 hp.
MASSIVE DAMAGE!!
Fire: a) +1 sling
Press: ? - help, Q - select action, (/) - cycle Shift-Dir - straight line, f/p - adder
Aim: an adder (almost dead, 40% to hit)
You shoot a sling bullet. The sling bullet hits the adder.
The adder is almost dead.
* * * LOW HITPOINT WARNING * * *
You feel very sick. The ball python barely misses you.
The ball python constricts you. The adder bites you.
* * * LOW HITPOINT WARNING * * *
You are more poisoned.
The adder poisons you!
The ball python bites you but does no damage.
The ball python constricts you.
* * * LOW HITPOINT WARNING * * *
The adder bites you but does no damage. The ball python barely misses you.
The ball python constricts you. The adder bites you.
* * * LOW HITPOINT WARNING * * *
You take 7 damage, and have 1/26 hp.
MASSIVE DAMAGE!!
Fire: a) +1 sling
Press: ? - help, Q - select action, (/) - cycle Shift-Dir - straight line, f/p - adder
Aim: an adder (almost dead, 40% to hit)
You shoot a sling bullet.
The sling bullet completely misses the adder.
You die...

♣♣###........###...#
♣♣....#.#..........).
♣♣.......###.†.....###
♣......#.#.#.#........
♣.♣....#....#.#.#.#.#.#
♣♣♣####.............
#..S#.#.#.#.#.#
######.........S.
#@S....#.#.#.#.#.#
#.S†..............
#.<÷...#.#.#.#.#.
#................
#......#.#.#.#.#.
#######.......>.
#.#.#.#. ....... ......


You could see an adder and a ball python.

Vanquished Creatures
  An adder (D:1)
  A ribbon worm (D:2)
  2 dart slugs (D:1)
  2 ball pythons (D:1)
  4 bats (D:1)
  3 endoplasms (D:1)
  4 giant cockroaches
  2 goblins (D:1)
  2 hobgoblins (D:1)
  2 kobolds (D:1)
  A frilled lizard (D:1)
  3 rats
27 creatures vanquished.

Notes
Turn   | Place    | Note
-------+----------+-------------------------------------------
     0 | D:1      | jasper the Barachi Hexslinger began the quest for the Orb.
     0 | D:1      | Reached XP level 1. HP: 15/15 MP: 2/2
   260 | D:1      | Found a faded altar of an unknown god.
   270 | D:1      | Prayed at the altar of an unknown god.
   270 | D:1      | Became a worshipper of Trog the Wrathful
   270 | D:1      | Reached * piety under Trog
   289 | D:1      | Reached XP level 2. HP: 21/21 MP: 3/3
   817 | D:1      | Reached XP level 3. HP: 24/26 MP: 4/4
  1384 | D:2      | HP: 1/26 [adder (1)]
  1385 | D:2      | Succumbed to an adder's poison

Illustrated notes

Levels and vault maps discovered:
D:1:      onia_arrival_mini_maze_b, layout_basic,
          hellmonk_ecumenical_altar_crossroads, st_stairs_14,
          roderic_roman_lattice, nicolae_hexahallways
D:2:      layout_rooms, st_stairs_10, minmay_pentomino_w4,
          uniq_crazy_yiuf_cottage

Skill      XL: |  1  2 |
---------------+-------+-----
Ranged Weapons | 3 |  3.9
Fighting       | |  1.2
Dodging        | |  2.1
Spellcasting   | |  1.1
Hexes          | |  3.2
Fire Magic     | |  1.1

Action                     || total
---------------------------++-------
  Melee: Dagger            ||     4
   Fire: Sling             ||   109
 Invoke: Berserk           ||     1
Ability: Hop               ||     1
    Use: Potion            ||     2
 Armour: Ring mail         ||    64
         Robe              ||     5
  Dodge: Dodged            ||    64

Table legend: (Time is in decaauts)
 A = Elapsed time spent in this place.
 B = Non-inter-level travel time spent in this place.
 C = Inter-level travel time spent in this place.
 D = Time resting spent in this place.
 E = Time spent auto-exploring this place.
 F = Levels seen in this place.
 G = Mean time per level.
                   A        B        C        D        E       F      G
               +--------+--------+--------+--------+--------+-----+--------+
         Total |   1592 |   1528 |     64 |    272 |   1002 |   2 |  796.0 |
       Dungeon |   1592 |   1528 |     64 |    272 |   1002 |   2 |  796.0 |
               +--------+--------+--------+--------+--------+-----+--------+

Top non-repeatable levels by time:
     D:1: 1505 daAuts
     D:2: 87 daAuts
